 Dungeon Crawl Stone Soup version 0.18-a0-1649-g8d9735b (webtiles) character file.

25 Magnus the Sneak (level 2, 0/15 HPs)
             Began as a Deep Elf Enchanter on Mar 29, 2016.
             Slain by Terence
             ... wielding a +0 trident
              (5 damage)
             ... on level 1 of the Dungeon.
             The game lasted 00:10:29 (1088 turns).

Magnus the Sneak (Deep Elf Enchanter)               Turns: 1088, Time: 00:10:29

Health: 0/15       AC:  6    Str:  5    XL:     2   Next: 82%
Magic:  0/8        EV: 13    Int: 19    God:
Gold:   61         SH:  0    Dex: 15    Spells: 2 memorised, 4 levels left

rFire  . . .     SeeInvis .     i - +3 short sword
rCold  . . .     Gourm    .     b - +1 robe
rNeg   . . .     Faith    .     (no shield)
rPois  .         Spirit   .     p - +1 helmet
rElec  .         Dismiss  .     (no cloak)
rCorr  .         Reflect  .     e - +0 pair of gloves
SustAt .         Harm     .     (no boots)
MR     .....                    (no amulet)
Stlth  +++.......               (no ring)
                                (no ring)

@: not resistant to hostile enchantments, fairly stealthy
A: no striking features
a: no special abilities


You were on level 1 of the Dungeon.
You were hungry.

You visited 1 branch of the dungeon, and saw 2 of its levels.

You collected 61 gold pieces.

Inventory:

Hand Weapons
 a - a +1 dagger
 i - a +3 short sword (weapon)
Armour
 b - a +1 robe (worn)
 e - a +0 pair of gloves (worn)
 p - a +1 helmet (worn)
Jewellery
 j - a +5 ring of dexterity {unknown}
 o - an uncursed ring of magical power {unknown}
Scrolls
 f - a scroll of noise {unknown}
 g - a scroll of remove curse {unknown}
 h - a scroll of fog {unknown}
 l - 3 scrolls of identify {unknown}
 m - a scroll of blinking {unknown}
 n - a scroll of recharging {unknown}
Potions
 k - a potion of agility {unknown}
Books
 c - a book of Maledictions

   Spells                             Type                      Level
   a - Corona                         Hexes                        1
   b - Ensorcelled Hibernation        Hexes/Ice                    2
   c - Confuse                        Hexes                        3
   d - Tukima's Dance                 Hexes                        3
   e - Dazzling Spray                 Conjuration/Hexes            3
Comestibles
 d - a bread ration


   Skills:
 + Level 0.2 Fighting
 + Level 1.6 Short Blades
 - Level 2.5 Dodging
 + Level 4.3 Stealth
 - Level 3.2 Spellcasting
 - Level 4.1 Hexes


You had 4 spell levels left.
You knew the following spells:

 Your Spells              Type           Power        Failure   Level  Hunger
a - Corona                Hex            ###....      3%          1    None
b - Ensorcelled Hibernat  Hex/Ice        ##....       12%         2    ##.....


Dungeon Overview and Level Annotations

Branches:
Dungeon (2/15)

Altars:

Annotations:
D:1 Terence


Message History

Aim: Terence, wielding a trident and wearing a chain mail (fast, chance to defeat MR: 50%) Terence resists with some effort.
Terence barely misses you.
Casting: Ensorcelled Hibernation
Confirm with . or Enter, or press ? or * to list all spells.
Aiming: Ensorcelled Hibernation
Press: ? - help, Shift-Dir - straight line, f/p - Terence
Aim: Terence, wielding a trident and wearing a chain mail (fast, chance to defeat MR: 50%) Terence resists with some effort.
Terence hits you with a trident.
* * * LOW HITPOINT WARNING * * *
Casting: Ensorcelled Hibernation
Confirm with . or Enter, or press ? or * to list all spells.
Aiming: Ensorcelled Hibernation
Press: ? - help, Shift-Dir - straight line, f/p - Terence
Aim: Terence, wielding a trident and wearing a chain mail (fast, chance to defeat MR: 50%) Terence looks drowsy...
The helpless Terence fails to defend himself.
You puncture Terence!
Terence is almost dead.
Terence hits you with a trident.
You die...

.# #.#....###.##.#
.# #.#....# #..#.#
.# #.#....# ##.#.#
.# #.##.### #.#.#
## .###.##.# #.#.#
#. ......#.# #.#.#
## #.....#.#
###...# #.
#.....#.####...@.#
#.
#.....#.#.......@#
##
#.....#.#.##....##
#.
......#...##....#
#.
#.....######....#
#. #.....# #....#
#. #.....# #....#
#. ####### #....#
#. ###### #. ##


You could see Terence.

Vanquished Creatures
  An ooze (D:1)
  A giant gecko (D:1)
  4 bats (D:1)
  A giant cockroach (D:1)
  4 goblins (D:1)
  2 hobgoblins (D:1)
  3 kobolds (D:1)
  3 rats (D:1)
19 creatures vanquished.

Notes
Turn   | Place    | Note
--------------------------------------------------------------
     0 | D:1      | Magnus the Deep Elf Enchanter began the quest for the Orb.
     0 | D:1      | Reached XP level 1. HP: 10/10 MP: 6/6
    91 | D:1      | Reached XP level 2. HP: 4/15 MP: 6/8
  1074 | D:2      | Noticed Terence
  1080 | D:1      | Learned a level 2 spell: Ensorcelled Hibernation
  1088 | D:1      | Slain by Terence

Vault maps used:
D:1:      dpeg_arrival_erosion
D:2:      feat_on_display, uniq_natasha, uniq_terence

Skill      XL: |  1 |
---------------+----+-----
Stealth        | 4 |  4.3
Fighting       | |  0.2
Short Blades   | |  1.6
Dodging        | |  2.5
Spellcasting   | |  3.2
Hexes          | |  4.1

Action                   || total
-------------------------++-------
Melee: Dagger            ||    26
       Short sword       ||    26
 Cast: Ensorcelled Hiber ||     4
 Stab: Sleeping          ||     8
